 Dungeon Crawl Stone Soup version 0.32-a0-612-g1c984fe9d1 (webtiles) character file.

Game seed: 11190025043862093866

74090 ASSMAN the Spry (level 15, -4/102 (113) HPs)
             Began as a Coglin Berserker on Mar 5, 2024.
             Was a High Priest of Trog.
             Killed from afar by an orc sorcerer (29 damage)
             ... with a bolt of negative energy
             ... led by an orc high priest
             ... on level 2 of the Orcish Mines.
             The game lasted 00:42:08 (20992 turns).

ASSMAN the Spry (Coglin Berserker)                 Turns: 20992, Time: 00:42:10

HP:   -4/102 (113)  AC: 13    Str: 24    XL:     15   Next: 45%
MP:   24/24         EV: 22    Int:  7    God:    Trog [*****.]
Gold: 1539          SH:  0    Dex: 17    Spells: 14/14 levels left

rFire   . . .        k - +4 scimitar (flame) {Minjee}
rCold   . . .        j - +5 scimitar (venom) {Olaf}
rNeg    . . .        v - +0 acid dragon scales
rPois   +            K - +0 helmet of Tuwenech {MP+9 Str+3}
rElec   +            s - +2 cloak
rCorr   +            (no gloves)
SInv    .            D - +2 pair of boots
Will    +....        (amulet unavailable)
Stlth   ++++         (ring unavailable)
HPRegen 0.37/turn    (ring unavailable)
MPRegen 0.19/turn    U - tungsten cryodynamo {RevParry, rElec rPois rCorr}

%: no passive effects
@: drained
A: off-hand wielding, slow wielding, warmup strikes, no jewellery
a: Renounce Religion, Berserk, Trog's Hand, Brothers in Arms


You were on level 2 of the Orcish Mines.
You worshipped Trog.
Trog was extremely pleased with you.
You visited 3 branches of the dungeon, and saw 19 of its levels.
You also visited: Bailey and Ice Cave.

You collected 1539 gold pieces.

Inventory:

Hand Weapons
 j - a +5 scimitar of venom (offhand) {Olaf}
 k - a +4 scimitar of flaming (weapon) {Minjee}
 l - a +2 falchion of freezing
 o - a +1 dagger of electrocution {Qiang}
 u - a +1 dagger of draining {Ruka}
 y - a +2 long sword of holy wrath
 P - a +0 quick blade
Missiles
 O - 2 throwing nets
 R - 7 curare-tipped darts
Armour
 s - a +2 cloak (worn)
 v - +0 acid dragon scales (worn)
 D - a +2 pair of boots (worn)
 E - a +2 ring mail of fire resistance
 G - a +1 hat of intelligence
 K - the +0 helmet of Tuwenech (worn) {MP+9 Str+3}
   (You found it on level 10 of the Dungeon)

   Str+3:     It affects your strength (+3).
   MP+9:      It affects your magic capacity (+9).
 V - a +0 leather armour of resistance
 W - a +0 crystal plate armour of cold resistance
Gizmo
 U - a tungsten cryodynamo (installed) {RevParry, rElec rPois rCorr}
   (You invented it yourself on level 5 of the Lair of Beasts)

   [tungsten cryodynamo]

   RevParry:  Your AC increases as you Rev (up to +5) and while fully Revved,
   your attacks may disarm enemies.
   rElec:     It insulates you from electricity.
   rPois:     It protects you from poison.
   rCorr:     It protects you from acid and corrosion.
Talismans
 A - a maw talisman
Wands
 e - a wand of polymorph (18)
 w - a wand of charming (12)
 x - a wand of digging (15)
 B - a wand of light (8)
 H - a wand of flame (24)
 L - a wand of mindburst (9)
 S - a wand of warping (12)
Scrolls
 a - 3 scrolls of fear
 b - 6 scrolls of enchant armour
 c - a scroll of silence
 r - 4 scrolls of enchant weapon
 z - a scroll of blinking
 J - 2 scrolls of revelation
 M - 2 scrolls of immolation
 N - a scroll of teleportation
 Q - a scroll of brand weapon
 T - 4 scrolls of vulnerability
 Y - a scroll of identify
Potions
 d - 4 potions of haste
 p - a potion of ambrosia
 q - 6 potions of curing
 t - a potion of cancellation
 C - 6 potions of resistance
 F - 2 potions of might
Miscellaneous
 f - a phantom mirror
 h - a phial of floods


   Skills:
 + Level 9.2 Fighting
 - Level 10.0(12.2) Short Blades
 - Level 12.3(14.0) Long Blades
 - Level 3.0 Axes
 - Level 1.7 Armour
 + Level 17.5 Dodging
 - Level 8.1 Stealth
 + Level 8.8 Evocations


You had 14 spell levels left.
You didn't know any spells.
Your spell library was empty.

Dungeon Overview and Level Annotations

Branches:
Dungeon (12/15)            Temple (0/1) D:6            Lair (5/5) D:10
 Shoals (0/4) Lair:2        Snake (0/4) Lair:2        Slime (0/5) Lair:4
    Orc (2/2) D:9          Bailey (visited)           IceCv (visited)
    Elf: Orc:2

Altars:
Fedhas
Gozag
Kikubaaqudgha
Makhleb
Qazlal
Ru
Vehumet
Zin
The Shining One
Jiyva

Shops:
D:7 *   D:12 (

Annotations:
D:10 exclusion: ice statue
Orc:2 Saint Roka


Innate Abilities, Weirdness & Mutations

You can wield a second weapon in your off-hand.
It takes a long time for you to wield or remove held weapons.
Your first few attacks do less damage.
You cannot equip rings or amulets.


Message History

You climb upwards.
There is a stone staircase leading down, spattered with blood here.
You start resting.
HP restored.
You climb downwards.
Level annotation: Saint Roka Saint Roka roars a battlecry!
The orcs go into a battle-frenzy!
The orc sorcerer points at you and mumbles some strange words.
You suddenly lose the ability to move!
The orc hits you with a +0 mace!
The orc priest mumbles some strange prayers to Beogh against you.
Pain shoots through your body!
Saint Roka calls down the wrath of Beogh upon you.
Beogh smites you!
The orc sorcerer gestures at you while chanting.
The bolt of negative energy hits you!!
You feel drained. The orc hits you with a +0 mace.
The orc priest looks satisfied for a moment.
Saint Roka roars a battlecry!
The orcs go into a battle-frenzy!
The orc hits you but does no damage. The orc wizard casts a spell at you.
The magic dart hits you but does no damage.
The orc barely misses you.
An orc warrior comes into view. It is wielding a +0 halberd.
Saint Roka calls down the wrath of Beogh upon you.
Beogh smites you! The orc completely misses you.
The orc high priest utters an invocation to Beogh.
The orc priest mumbles some strange prayers to Beogh against you.
Beogh smites you!
The orc warrior shouts!
You can move again.
There is a stone staircase leading up, spattered with blood here.
Saint Roka invokes the aid of Beogh against you.
Beogh smites you!
* * * LOW HITPOINT WARNING * * *
The orc closely misses you.
The orc sorcerer points at you and mumbles some strange words.
The bolt of negative energy hits you!!
You feel drained.
You die...

....... .....#.
.............o..
.......#....$....
.................
......$$...#.$...
..........o......
......oo..............
...o.oo@..............
.......oo............h
.###...3o.............
.#......o......oC...
....o.#......#.....o.
#.......[.....)..o...
....#.......$[........
....#....[..)[....##.#
.....<.)..#$)....#


You could see Saint Roka, an orc high priest (strong), a neqoxec (summoned), 2
orc sorcerers, 2 orc warriors, 2 orc priests, an orc wizard (strong) and 3 orcs.

Vanquished Creatures
  Jorgrun (D:12)
  Gastronok (D:9)
  A frost giant (IceCv)
  An orc warlord (Orc:1)
  A dire elephant (Lair:5)
  Fannar (D:12)
  Harold (Lair:1)
  A catoblepas (Lair:5)
  2 hydras (Lair:5)
  Erica (D:9)
  Erolcha (D:10)
  2 boulder beetles
  5 two-headed ogres
  14 death yaks
  A centaur warrior (D:11)
  Sonja (Lair:2)
  A deep troll (Lair:4)
  A lindwurm (Lair:5)
  Pikel (D:7)
  An orc knight (Bailey)
  A wolf spider (Lair:5)
  5 manticores
  An orc sorcerer (Orc:2)
  2 cyclopes
  6 elephants
  An ice statue (IceCv)
  5 black mambas
  A torpor snail (Lair:5)
  3 gargoyles
  13 cane toads
  3 kobold demonologists
  4 komodo dragons
  5 yaktaurs (D:12)
  4 rime drakes
  15 polar bears
  2 trolls
  A wind drake (Lair:2)
  7 dream sheep
  16 blink frogs
  2 shadows
  A vampire (D:12)
  A slime creature (D:7)
  68 yaks
  8 wyverns
  4 basilisks
  3 wargs
  Menkaure (D:7)
  2 acid dragons
  Duvessa (D:5)
  17 water moccasins
  22 orc warriors
  4 black bears
  4 sky beasts (D:7)
  2 laughing skulls (D:12)
  7 ogres
  6 centaurs
  18 wolves
  A lemure (D:7)
  4 kobold brigands
  13 bullfrogs
  3 gnoll sergeants
  2 scorpions
  19 wights
  Dowan (D:5)
  4 killer bees (D:8)
  5 howler monkeys
  2 bombardier beetles
  2 hounds
  A quasit (D:6)
  A gnoll bouda (D:8)
  6 jellies
  Crazy Yiuf (D:4)
  3 iguanas
  7 orc priests
  A scrub nettle (Lair:1)
  15 orc wizards
  15 gnolls
  8 adders
  4 shadow imps
  2 white imps
  2 dart slugs (D:3)
  2 ribbon worms
  80 orcs
  4 ball pythons
  A bat (D:3)
  4 endoplasms
  2 goblins
  5 hobgoblins
  3 jackals (D:5)
  2 quokkas
  4 frilled lizards
  A goblin skeleton (D:6)
  2 goblin zombies (D:6)
  4 hobgoblin zombies (D:6)
  19 kobolds
  2 kobold skeletons (D:6)
  2 rats
564 creatures vanquished.

Vanquished Creatures (collateral kills)
  A death yak (Lair:5)
  A lindwurm (Lair:5)
  4 yaks (Lair:5)
  An ogre (Orc:1)
  An orc (Orc:1)
8 creatures vanquished.

Grand Total: 572 creatures vanquished

Notes
Turn   | Place    | Note
-------+----------+-------------------------------------------
     0 | D:1      | ASSMAN the Coglin Berserker began the quest for the Orb.
     0 | D:1      | Reached XP level 1. HP: 18/18 MP: 1/1
    56 | D:1      | Found a faded altar of an unknown god.
   118 | D:1      | You fall into a shaft and drop 1 floor!
   158 | D:2      | Reached XP level 2. HP: 24/24 MP: 2/2
   508 | D:2      | Reached XP level 3. HP: 26/30 MP: 3/3
  1185 | D:3      | Reached XP level 4. HP: 38/38 MP: 4/4
  1233 | D:3      | Reached skill level 5 in Fighting
  1239 | D:3      | Reached ** piety under Trog
  1902 | D:4      | HP: 2/58 [acid (1)]
  1903 | D:4      | Reached skill level 1 in Short Blades
  1903 | D:4      | Reached XP level 5. HP: 3/44 MP: 5/5
  2333 | D:4      | Noticed an ogre
  2340 | D:4      | Killed an ogre
  2341 | D:4      | Reached XP level 6. HP: 52/52 MP: 6/6
  2869 | D:4      | Found a runed translucent door.
  2870 | D:4      | Noticed Crazy Yiuf
  3030 | D:4      | Killed Crazy Yiuf
  3063 | D:5      | Entered Level 5 of the Dungeon
  3087 | D:5      | Reached XP level 7. HP: 47/58 MP: 7/7
  3208 | D:5      | Reached skill level 5 in Short Blades
  3229 | D:5      | Noticed Dowan
  3229 | D:5      | Noticed Duvessa
  3611 | D:5      | Reached XP level 8. HP: 56/64 MP: 8/8
  3638 | D:5      | Killed Duvessa
  3643 | D:5      | Killed Dowan
  3769 | D:5      | Found a glowing silver altar of Zin.
  3769 | D:5      | Noticed an angel
  4041 | D:6      | Found a glowing golden altar of the Shining One.
  4056 | D:6      | Reached *** piety under Trog
  4249 | D:6      | Found a staircase to the Ecumenical Temple.
  4559 | D:6      | Found a stormy altar of Qazlal.
  4775 | D:7      | Noticed Pikel
  4775 | D:7      | Noticed Menkaure
  4788 | D:7      | Killed Pikel
  4789 | D:7      | Reached XP level 9. HP: 69/69 MP: 9/9
  5260 | D:7      | Killed Menkaure
  5470 | D:7      | Reached skill level 10 in Short Blades
  5470 | D:7      | Reached skill level 2 in Dodging
  5477 | D:7      | Reached skill level 1 in Stealth
  5584 | D:7      | Noticed a kobold demonologist
  5592 | D:7      | Noticed a hellwing
  5592 | D:7      | Killed a kobold demonologist
  5593 | D:7      | Reached skill level 3 in Dodging
  5717 | D:7      | Noticed a gargoyle
  5733 | D:7      | Killed a gargoyle
  5734 | D:7      | Reached skill level 4 in Dodging
  5794 | D:7      | Noticed a cyclops
  5824 | D:7      | Killed a cyclops
  5825 | D:7      | Reached skill level 5 in Dodging
  5825 | D:7      | Reached XP level 10. HP: 76/76 MP: 10/10
  5931 | D:7      | Noticed a two-headed ogre
  5936 | D:7      | Killed a two-headed ogre
  5937 | D:7      | Reached skill level 5 in Stealth
  5998 | D:7      | Noticed a two-headed ogre
  6063 | D:7      | Killed a two-headed ogre
  6064 | D:7      | Reached skill level 6 in Dodging
  6305 | D:7      | Found Gozag's Platinum Reserve.
  6367 | D:7      | Found an opulent altar of Gozag.
  6660 | D:8      | Reached skill level 7 in Dodging
  6792 | D:8      | Reached XP level 11. HP: 76/81 MP: 11/11
  7305 | D:8      | Reached **** piety under Trog
  7478 | D:9      | Reached skill level 8 in Dodging
  7493 | D:9      | Found a flagged portal.
  7508 | Bailey   | Entered a bailey
  7918 | Bailey   | Noticed an orc knight
  7938 | Bailey   | Killed an orc knight
  7967 | Bailey   | Acquired a manual of Dodging
  8061 | D:9      | Found a burning altar of Makhleb.
  8066 | D:9      | Found an ancient bone altar of Kikubaaqudgha.
  8085 | D:9      | Found a staircase to the Orcish Mines.
  8219 | D:9      | Reached skill level 9 in Dodging
  8402 | D:9      | Noticed Erica
  8411 | D:9      | Killed Erica
  8455 | D:9      | Reached skill level 10 in Dodging
  8560 | D:9      | Reached skill level 1 in Long Blades
  8626 | D:9      | Found a blossoming altar of Fedhas.
  8663 | D:9      | Noticed Gastronok
  8683 | D:9      | Killed Gastronok
  8965 | D:10     | Entered Level 10 of the Dungeon
  8965 | D:10     | Found a staircase to the Lair.
  8988 | D:10     | Reached skill level 11 in Dodging
  9025 | D:10     | Reached ***** piety under Trog
  9134 | D:10     | Identified the +1 spear "Unietyk" {distort, rElec rC+ MP+9}
  9160 | D:10     | Noticed Erolcha
  9167 | D:10     | Killed Erolcha
  9168 | D:10     | Reached XP level 12. HP: 88/88 MP: 12/12
  9257 | D:10     | Found a sacrificial altar of Ru.
  9351 | D:10     | Identified the +0 helmet of Tuwenech {MP+9 Str+3}
  9551 | D:10     | Found a radiant altar of Vehumet.
  9895 | Lair:1   | Entered Level 1 of the Lair of Beasts
  9903 | Lair:1   | Reached skill level 5 in Long Blades
  9908 | Lair:1   | Reached skill level 12 in Dodging
 10478 | Lair:1   | Noticed Harold
 10487 | Lair:1   | Killed Harold
 10488 | Lair:1   | Reached skill level 13 in Dodging
 11392 | Lair:2   | Found a staircase to the Snake Pit.
 11436 | Lair:2   | Noticed Sonja
 11444 | Lair:2   | Killed Sonja
 11445 | Lair:2   | Reached skill level 14 in Dodging
 11577 | Lair:2   | Found a staircase to the Shoals.
 12217 | Lair:3   | Reached XP level 13. HP: 93/93 MP: 13/13
 12676 | Lair:3   | Reached skill level 15 in Dodging
 13219 | Lair:5   | Entered Level 5 of the Lair of Beasts
 13228 | Lair:5   | Reached skill level 10 in Long Blades
 13750 | Lair:4   | Identified the +1 hat "Lauzown" {Will- rCorr Str+3 Int+4}
 14273 | Lair:4   | Found a viscous altar of Jiyva.
 14320 | Lair:4   | Found a staircase to the Slime Pits.
 15088 | Lair:5   | Received a gift from Trog
 15355 | Lair:5   | Reached skill level 16 in Dodging
 15542 | Lair:5   | Reached XP level 14. HP: 54/100 MP: 14/14
 15542 | Lair:5   | Acquired a tungsten cryodynamo {RevParry, rElec rPois
                  | rCorr}
 15939 | Lair:5   | Noticed a dire elephant
 15954 | Lair:5   | Killed a dire elephant
 16072 | Lair:5   | Reached skill level 1 in Evocations
 16703 | D:11     | Found a frozen archway.
 16721 | IceCv    | Entered an ice cave
 17083 | IceCv    | Identified the +1 ring mail of Experimentation {Rampage
                  | *Slow rF- SInv}
 17111 | IceCv    | Reached skill level 5 in Evocations
 17402 | IceCv    | Reached skill level 17 in Dodging
 17520 | IceCv    | Noticed a frost giant
 17540 | IceCv    | Reached XP level 15. HP: 110/110 MP: 15/15
 17545 | IceCv    | Killed a frost giant
 19016 | D:12     | Noticed Jorgrun
 19030 | D:12     | Killed Jorgrun
 19299 | D:12     | Found Wyts's Antique Weapon Shop.
 19671 | D:12     | Noticed Fannar
 19681 | D:12     | Killed Fannar
 19974 | Orc:1    | Entered Level 1 of the Orcish Mines
 20184 | Orc:2    | Entered Level 2 of the Orcish Mines
 20219 | Orc:2    | Noticed an orc warlord
 20345 | Orc:2    | Noticed Saint Roka
 20567 | Orc:1    | Killed an orc warlord
 20988 | Orc:2    | Paralysed by an orc sorcerer for 4 turns
 20992 | Orc:2    | Killed from afar by an orc sorcerer

Illustrated notes

Levels and vault maps discovered:
D:1:      doesnt_arrival_eight_statues, layout_rooms,
          shapermc_ecumenical_altar_acropolis, serial_aquarium,
          aquarium_bridge_island_small [aquarium_subvault_small_open,
          aquarium_subvault_bridge, aquarium_subvault_window,
          aquarium_subvault_bridge, aquarium_subvault_wall],
          aquarium_bridge_straight [aquarium_subvault_bridge,
          aquarium_subvault_wall, aquarium_subvault_bridge,
          aquarium_subvault_wall], aquarium_window_1, aquarium_window_corner,
          aquarium_window_corridor_3, aquarium_view_2b, aquarium_view_2g,
          minmay_misc_feat_hallway
D:2:      layout_basic
D:3:      layout_loops_ring
D:4:      layout_loops_ring, grunt_decor_fettered, uniq_crazy_yiuf_cottage
D:5:      layout_rooms, zin_angel, uniq_duvessa
D:6:      layout_basic, marbit_many_paths, nicolae_tso_besieged_by_evil,
          minmay_temple_entry_large_hall
D:7:      minmay_the_grid_octo_triangle [minmay_the_grid_octo_chip,
          minmay_the_grid_octo_prize_ultimate_mussel_roller,
          minmay_the_grid_octo_77], layout_basic,
          nicolae_gozag_zags_fifth_avenue, minmay_liquid_box, uniq_pikel,
          uniq_menkaure
D:8:      layout_rooms, amcnicky_mini_rare_corridor_liquid, minivault_26
D:9:      layout_basic, fedhas_altar_3,
          chequers_temple_overflow_statue_of_worship, orc_0_dummy,
          enter_bailey_4, uniq_erica, uniq_gastronok
D:10:     cheibrodos_frozen_isle, layout_long_grid, pf_just_have_faith,
          vehumet_crystals, dpeg_lair_monsters, columned_hall_lemuel,
          minivault_22, uniq_erolcha
D:11:     layout_loops_cross, portal_ice_cave_entry_pillars_1
D:12:     layout_loops_ring, serial_shops, nicolae_shop_tiny_statue_garden,
          kennysheep_donut, kennysheep_nondescript, uniq_jorgrun, uniq_fannar
Lair:1:   layout_roguey, evilmike_ambush [evilmike_ambush_outer_pillars,
          evilmike_ambush_inner_basic], grunt_megastairs_3, uniq_harold
Lair:2:   layout_cave_shapes, minmay_shoals_entry_beasts, dummy_snake_entry,
          chequers_serial_rivers_small_a, serial_bayou_pond_d, uniq_sonja
Lair:3:   layout_regular_city
Lair:4:   dreamdust_cave_troll, layout_cave_pods,
          minmay_slime_entry_oklob_enclosed, beast_lair_carwin_11
Lair:5:   hangedman_lair_in_review, layout_regular_city, wormcave, uniq_urug
Orc:1:    layout_diamond_mine, uniq_nergalle, uniq_maurice
Orc:2:    st_orc_mages, layout_caves, basic_altar, nicolae_shop_self_help,
          uniq_saint_roka

Skill      XL: |  1  2  3  4  5  6  7  8  9 10 11 12 13 14 15 |
---------------+----------------------------------------------+-----
Fighting       | 4 5 6 8 9 |  9.2
Short Blades   | 1 2 4 6 9 10 | 10.0
Dodging        | 5 7 11 14 16 17 | 17.5
Stealth        | 4 7 8 |  8.1
Long Blades    | 4 8 11 12 | 12.3
Evocations     | 6 8 |  8.8
Axes           | |  3.0
Armour         | |  1.7

Action                     |  1- 3 |  4- 6 |  7- 9 | 10-12 | 13-15 || total
---------------------------+-------+-------+-------+-------+-------++-------
  Melee: Whip              |    55 |    22 |       |       |       ||    77
         Short sword       |    52 |    88 |    57 |       |       ||   197
         Dagger            |     1 |    70 |   396 |   673 |       ||  1140
         Hand axe          |     1 |       |       |       |       ||     1
         Scimitar          |       |       |       |   387 |  1176 ||  1563
 Invoke: Berserk           |     1 |     5 |    10 |    16 |    22 ||    54
         Trog's Hand       |       |       |       |     4 |     3 ||     7
         Brothers in Arms  |       |       |       |       |     3 ||     3
Ability: Invent Gizmo      |       |       |       |       |     1 ||     1
    Use: Scroll            |       |       |     4 |    13 |     6 ||    23
         Potion            |       |       |     4 |     2 |     8 ||    14
   Stab: Sleeping          |     3 |       |     1 |    10 |    17 ||    31
         Distracted        |       |       |       |     1 |       ||     1
         Invisible         |       |       |       |       |     9 ||     9
 Armour: Animal skin       |    21 |    20 |       |       |       ||    41
         Scale mail        |       |    28 |    83 |       |       ||   111
         Ring mail         |       |       |    32 |   177 |       ||   209
         Acid dragon scale |       |       |       |   106 |   343 ||   449
  Dodge: Dodged            |    41 |    48 |    77 |   391 |   608 ||  1165

Table legend: (Time is in decaauts)
 A = Elapsed time spent in this place.
 B = Non-inter-level travel time spent in this place.
 C = Inter-level travel time spent in this place.
 D = Time resting spent in this place.
 E = Time spent auto-exploring this place.
 F = Levels seen in this place.
 G = Mean time per level.
                   A        B        C        D        E       F      G
               +--------+--------+--------+--------+--------+-----+--------+
         Total |  21003 |  20066 |    937 |   3553 |  13109 |  21 | 1000.1 |
       Dungeon |  11079 |  10404 |    675 |   1145 |   7307 |  12 |  923.2 |
          Lair |   6813 |   6561 |    252 |   1036 |   4726 |   5 | 1362.6 |
  Orcish Mines |   1023 |   1014 |      9 |    716 |    176 |   2 |  511.5 |
        Bailey |    511 |    511 |      0 |    284 |     88 |   1 |  511.0 |
      Ice Cave |   1575 |   1575 |      0 |    371 |    811 |   1 | 1575.0 |
               +--------+--------+--------+--------+--------+-----+--------+

Top non-repeatable levels by time:
  Lair:4: 1785 daAuts
  Lair:5: 1702 daAuts
   IceCv: 1575 daAuts
  Lair:1: 1512 daAuts
     D:7: 1434 daAuts
     D:6: 1219 daAuts
     D:4: 1157 daAuts
     D:3: 1111 daAuts
     D:9: 1032 daAuts
    D:10: 970 daAuts
   Orc:1: 969 daAuts
  Lair:3: 965 daAuts
    D:12: 951 daAuts
     D:2: 902 daAuts
  Lair:2: 848 daAuts
